 Dungeon Crawl Stone Soup version 0.29.1-13-g9f3cf754e1 (webtiles) character file.

Game seed: 12382335262176207920

3286 Admiral the Trooper (level 9, -3/93 HPs)
             Began as a Troll Chaos Knight on Feb 6, 2023.
             Was a Plaything of Xom.
             Slain by a wyvern (16 damage)
             ... on level 8 of the Dungeon.
             The game lasted 01:10:08 (5468 turns).

Admiral the Trooper (Troll Chaos Knight)            Turns: 5468, Time: 01:10:09

Health: -3/93      AC:  7    Str: 29    XL:     9   Next: 69%
Magic:  8/8        EV: 12    Int:  7    God:    Xom [.*....]
Gold:   124        SH:  0    Dex: 15    Spells: 8/8 levels left

rFire   + . .      SeeInvis .   u - +4 dire flail
rCold   + . .      Faith    .   (shield currently unavailable)
rNeg    . . .      Spirit   .   b - +2 robe
rPois   .          Reflect  .   (helmet restricted)
rElec   .          Harm     .   a - scarf {rC+ rF+}
rCorr   +          Rampage  .   (gloves unavailable)
Will    .....                   (boots unavailable)
Stlth   +.........              (no amulet)
HPRegen 1.05/turn               l - +6 ring of strength
MPRegen 0.11/turn               y - ring of resist corrosion

@: studying Staves
A: large, unfitting armour, claws 3, regeneration 1, shaggy fur 2, tough skin 1,
fangs 1, agile 1
a: Renounce Religion


You were on level 8 of the Dungeon.
You worshipped Xom.
You were a plaything of Xom.
You visited 1 branch of the dungeon, and saw 8 of its levels.

You collected 461 gold pieces.
You spent 337 gold pieces at shops.

Inventory:

Hand Weapons
 h - a +0 dagger
 u - a +4 dire flail (weapon)
Armour
 a - a scarf of resistance (worn)
 b - a +2 robe (worn)
 d - a +2 cloak
Jewellery
 l - a +6 ring of strength (left claw)
 q - a ring of fire
 y - a ring of resist corrosion (right claw)
Wands
 j - a wand of mindburst (3)
 p - a wand of polymorph (11)
Scrolls
 e - 5 scrolls of teleportation
 g - 3 scrolls of amnesia
 m - 3 scrolls of enchant armour
 t - a scroll of immolation
 z - a scroll of summoning
Potions
 f - 2 potions of magic
 k - 4 potions of lignification
 n - 2 potions of curing
 o - 3 potions of flight
 r - a potion of haste
 v - a potion of invisibility {unknown}
 w - a potion of brilliance {unknown}
 x - a potion of berserk rage {unknown}
Miscellaneous
 c - a piece from Xom's chessboard (8/15)


   Skills:
 + Level 7.5 Fighting
 - Level 7.0 Maces & Flails
 - Level 0.2 Throwing
 - Level 5.0 Dodging
 - Level 0.1 Stealth
 * Level 5.5 Unarmed Combat
 - Level 0.4 Evocations


You had 8 spell levels left.
You didn't know any spells.
Your spell library contained the following spells:

 Spells                   Type           Power      Damage    Failure   Level
 Shock                    Conj/Air       0%         1d3       43%         1
 Ensorcelled Hibernation  Hex/Ice        0%         N/A       56%         2
 Passwall                 Tmut/Erth      0%         N/A       56%         2
 Swiftness                Air            0%         N/A       80%         3
 Airstrike                Air            0%         2d(0-16)  99%         4


Dungeon Overview and Level Annotations

Branches:
Dungeon (8/15)             Temple (0/1) D:7
   Lair: D:8-11

Altars:
Ashenzari
Cheibriados
Elyvilon
Makhleb
Nemelex Xobeh
Qazlal
Sif Muna
Trog
Xom

Shops:
D:3 [   D:7 *


Innate Abilities, Weirdness & Mutations

You are too large for most types of armour.
You have claws for hands.
Your natural rate of healing is unusually fast.
You are covered in thick fur. (AC +2)
You have tough skin. (AC +1)
You have very sharp teeth.
You are agile. (Dex +4, Str/Int -1)


Message History

The two-headed ogre barely misses you.
The two-headed ogre hits you with a +0 giant club!
The jelly quivers.
You bludgeon the two-headed ogre!! Your bite misses the two-headed ogre.
The two-headed ogre is moderately wounded.
You barely miss the two-headed ogre.
The two-headed ogre is moderately wounded.
The two-headed ogre hits you with a +0 giant club! x2
You puncture the two-headed ogre! You bite the two-headed ogre.
The two-headed ogre is severely wounded.
The two-headed ogre attacks as you move away!
The two-headed ogre closely misses you.
The two-headed ogre hits you with a +0 giant club!!
The wyvern closely misses you.
You hit the two-headed ogre.
The two-headed ogre is severely wounded. "See what I see, my child!"
You detect items!
The wyvern barely misses you.
The two-headed ogre hits you with a +0 giant club!!
* * * LOW HITPOINT WARNING * * *
The two-headed ogre barely misses you.
You feel better. The wyvern bites you!
* * * LOW HITPOINT WARNING * * *
The wyvern bites you!
* * * LOW HITPOINT WARNING * * *
You hit the two-headed ogre.
The two-headed ogre is severely wounded.
The two-headed ogre barely misses you. The two-headed ogre closely misses you.
The wyvern barely misses you.
You sock the two-headed ogre!
The two-headed ogre is almost dead.
The wyvern closely misses you. The two-headed ogre closely misses you.
The two-headed ogre misses you. The wyvern bites you.
* * * LOW HITPOINT WARNING * * *
Blink to where?
Press: ? - help, Dir - move target, p - two-headed ogre
As you read the scroll of blinking, it crumbles to dust.
The wyvern barely misses you. The wyvern bites you!
You die...
Xom guffaws!

∆ .. ..#. . #.#.
#.##.#.##
......... ∆
...#..#.## ∆
.........# ∆
##......@# .#
.......Jl###....
##......O.....#
####....).#..#
##...#.# #
#...#...
..........
......#...#
.##...!##....


You could see a two-headed ogre (misshapen), a wyvern and a jelly.

Vanquished Creatures
  The ghost of SirLogeyBear the Chopper, an amateur HOBe of Trog (D:3)
  Eustachio (D:4)
  A wyvern (D:8)
  A water moccasin (D:7)
  4 ice beasts
  3 black bears
  2 sky beasts (D:7)
  A tengu (D:6)
  2 ogres
  A centaur (D:6)
  A bullfrog (D:6)
  2 scorpions (D:7)
  3 wights (D:5)
  2 hounds
  5 jellies
  8 orc priests
  Natasha (D:3)
  4 iguanas
  2 orc wizards
  4 gnolls (D:2)
  8 adders
  2 white imps (D:7)
  2 ufetubi (D:5)
  5 worms
  4 dart slugs
  15 orcs
  8 endoplasms
  2 giant cockroaches (D:2)
  7 hobgoblins
  4 jackals (D:3)
  7 kobolds
  4 quokkas
  6 ball pythons
  A ball python simulacrum (D:3)
  2 bats
  5 frilled lizards
  2 giant cockroach simulacra (D:3)
  10 goblins
  9 rats
152 creatures vanquished.

Vanquished Creatures (collateral kills)
  A golden eye (D:6)
  2 necrophages (D:6)
  A shadow imp (D:6)
  A hobgoblin (D:1)
5 creatures vanquished.

Vanquished Creatures (others)
  A hound (D:6)
  A plant (D:1)
2 creatures vanquished.

Grand Total: 159 creatures vanquished

Notes
Turn   | Place    | Note
-------+----------+-------------------------------------------
     0 | D:1      | Admiral the Troll Chaos Knight began the quest for the Orb.
     0 | D:1      | Reached XP level 1. HP: 22/22 MP: 0/0
    76 | D:1      | XOM: silly message
    77 | D:1      | Reached XP level 2. HP: 29/29 MP: 1/1
   345 | D:1      | XOM: cloud trail
   520 | D:1      | Found a faded altar of an unknown god.
   526 | D:1      | Reached XP level 3. HP: 36/36 MP: 2/2
   838 | D:2      | XOM: cast spell 'Call Canine Familiar'
   852 | D:2      | Reached XP level 4. HP: 45/45 MP: 3/3
   951 | D:2      | Gained mutation: You sometimes lose your temper in combat.
                  | [potion of mutation]
   951 | D:2      | Gained mutation: You have supernaturally acute eyesight.
                  | (SInv) [potion of mutation]
   960 | D:2      | XOM: silly message
  1103 | D:2      | XOM: silly message
  1344 | D:2      | Reached XP level 5. HP: 28/53 MP: 4/4
  1374 | D:2      | Lost mutation: You sometimes lose your temper in combat.
                  | [potion of mutation]
  1374 | D:2      | Lost mutation: You have supernaturally acute eyesight.
                  | (SInv) [potion of mutation]
  1374 | D:2      | Gained mutation: You are agile. (Dex +4, Str/Int -1)
                  | [potion of mutation]
  1374 | D:2      | Gained mutation: You have very sharp teeth. [potion of
                  | mutation]
  1486 | D:3      | Found a runed translucent gate.
  1486 | D:3      | Found a runed translucent gate.
  1486 | D:3      | Found a runed translucent gate.
  1667 | D:3      | Noticed SirLogeyBear's ghost (amateur HOBe)
  1716 | D:3      | Found Qurphi's Antique Armour Shoppe.
  1736 | D:3      | Bought a glowing cloak for 142 gold pieces
  1771 | D:3      | Found a broken altar of Ashenzari.
  2111 | D:3      | XOM: silly message
  2231 | D:3      | Noticed Natasha
  2240 | D:3      | XOM: potion effect (might)
  2243 | D:3      | Killed Natasha
  2244 | D:3      | Reached XP level 6. HP: 61/61 MP: 5/5
  2416 | D:3      | XOM: potion effect (might)
  2424 | D:3      | Killed SirLogeyBear's ghost
  2425 | D:3      | Reached skill level 5 in Maces & Flails
  2464 | D:3      | XOM: silly message
  2569 | D:4      | Reached XP level 7. HP: 70/70 MP: 6/6
  2575 | D:4      | XOM: god gift: wand of mindburst (7)
  2608 | D:4      | Found a sparkling altar of Nemelex Xobeh.
  2654 | D:4      | XOM: summons 3 hostile shadow creatures
  2783 | D:4      | Found a bloodstained altar of Trog.
  3040 | D:4      | Noticed Eustachio
  3060 | D:4      | XOM: summons friendly crimson imp
  3070 | D:4      | Killed Eustachio
  3071 | D:4      | Reached skill level 5 in Fighting
  3244 | D:5      | Entered Level 5 of the Dungeon
  3249 | D:5      | XOM: potion effect (might)
  3272 | D:5      | XOM: 4-stop teleportation journey
  3280 | D:5      | XOM: enchant monster (good)
  3361 | D:5      | Found a snail-covered altar of Cheibriados.
  3443 | D:5      | Reached XP level 8. HP: 43/83 MP: 7/7
  3613 | D:5      | XOM: give mutations
  3613 | D:5      | Gained mutation: You are resistant to electric shocks.
                  | (rElec) [Xom's grace]
  3613 | D:5      | Gained mutation: You have a pair of small antennae on your
                  | head. [Xom's grace]
  3615 | D:5      | Lost mutation: You are resistant to electric shocks.
                  | (rElec) [potion of mutation]
  3615 | D:5      | Lost mutation: You have a pair of small antennae on your
                  | head. [potion of mutation]
  3615 | D:5      | Gained mutation: You are covered in thick fur. (AC +2)
                  | [potion of mutation]
  3632 | D:5      | Reached skill level 1 in Unarmed Combat
  3836 | D:5      | Found a white marble altar of Elyvilon.
  3940 | D:6      | XOM: divination: magic mapping
  3942 | D:6      | XOM: scenery: create altars
  3945 | D:6      | XOM: summons 8 friendly demons
  3952 | D:6      | XOM: polymorph wyvern -> golden eye
  3969 | D:6      | Reached XP level 9. HP: 85/93 MP: 8/8
  4009 | D:6      | Found a burning altar of Makhleb.
  4096 | D:6      | XOM: 1-stop teleportation journey
  4192 | D:6      | XOM: enchant monster (good)
  4218 | D:6      | XOM: scenery: create altars
  4265 | D:6      | XOM: swap monsters
  4269 | D:6      | Reached skill level 5 in Dodging
  4291 | D:6      | XOM: 1-stop teleportation journey
  4615 | D:7      | Found a staircase to the Ecumenical Temple.
  4644 | D:7      | XOM: god gift: scroll of immolation
  4884 | D:7      | XOM: 8-stop teleportation journey
  4911 | D:7      | Found a stormy altar of Qazlal.
  5009 | D:7      | Found a shimmering blue altar of Sif Muna.
  5024 | D:7      | Found Ushrits's Assorted Antiques.
  5033 | D:7      | Bought a murky ruby potion for 19 gold pieces
  5033 | D:7      | Bought a scroll of teleportation for 66 gold pieces
  5033 | D:7      | Bought a runed golden ring for 110 gold pieces
  5115 | D:7      | Reached skill level 5 in Unarmed Combat
  5443 | D:8      | XOM: noise
  5444 | D:8      | Noticed a two-headed ogre
  5463 | D:8      | XOM: divination: detect items
  5468 | D:8      | Slain by a wyvern

Illustrated notes

Levels and vault maps discovered:
D:1:      scummos_arrival_star, layout_rooms,
          dreamdust_ecumenical_altar_hidden_monk_grotto, nicolae_eternal_life
D:2:      layout_loops_ring, minmay_heptomino_d4
D:3:      layout_loops_corners, ashenzari_altar_1, gammafunk_ghost_icy,
          serial_shops, nicolae_shop_temple_entry_statues_fountains,
          uniq_natasha
D:4:      layout_loops_ring, mainiacjoe_overflow_paths, lightli_temple_of_fire,
          uniq_eustachio
D:5:      layout_rooms, mainiacjoe_overflow_24_doors, kennysheep_mini_moat,
          serial_curves, eino_curves_01, eino_curves_02, glass_columns_b,
          kennysheep_nub, minmay_manual_monolith
D:6:      layout_cave_pools, lemuel_tele_altar
D:7:      layout_layer_cave, mainiacjoe_overflow_small_starburst,
          lemuel_round_altar, minmay_temple_entry_water_ring, serial_shops, shop
D:8:      layout_rooms, mainiacjoe_overflow_surrounded_room, uniq_gastronok,
          uniq_erica

Skill      XL: |  1  2  3  4  5  6  7  8  9 |
---------------+----------------------------+-----
Dodging        | 2 3 4 5 |  5.0
Maces & Flails | 3 4 5 6 7 |  7.0
Fighting       | 3 4 6 7 |  7.5
Unarmed Combat | 2 5 |  5.5
Throwing       | |  0.2
Stealth        | |  0.1
Evocations     | |  0.4

Action                   |  1- 3 |  4- 6 |  7- 9 || total
-------------------------+-------+-------+-------++-------
Melee: Mace              |   110 |   117 |   155 ||   382
       Punch             |     1 |       |     1 ||     2
       Bite              |       |     8 |    23 ||    31
       Dire flail        |       |       |   108 ||   108
Throw: Throwing net      |       |       |    12 ||    12
Evoke: Piece from Xom's  |       |     7 |    14 ||    21
       Wand              |       |       |    26 ||    26
  Use: Scroll            |     4 |     7 |    10 ||    21
       Potion            |       |     3 |     8 ||    11
 Stab: Sleeping          |       |     1 |       ||     1
       Petrifying        |       |       |     2 ||     2
       Held in net/web   |       |       |     2 ||     2
Armor: Robe              |    45 |    42 |   119 ||   206
       Skin              |       |       |    32 ||    32
Dodge: Dodged            |    53 |    62 |   155 ||   270
